 Dungeon Crawl Stone Soup version 0.20.1-1-g8b1a95d (webtiles) character file.

172 letownia2 the Grave Robber (level 5, 36/42 HPs)
             Began as a Deep Dwarf Necromancer on Nov 3, 2017.
             Quit the game in the Ecumenical Temple.
             The game lasted 00:06:40 (1923 turns).

letownia2 the Grave Robber (Deep Dwarf Necromancer) Turns: 1923, Time: 00:06:40

Health: 36/42      AC:  5    Str: 12    XL:     5   Next: 27%
Magic:  8/8        EV: 11    Int: 19    God:
Gold:   98         SH:  0    Dex: 13    Spells: 4/8 levels left

rFire    . . .     SeeInvis .   a - +0 dagger
rCold    . . .     Gourm    .   (no shield)
rNeg     . . .     Faith    .   f - +0 ring mail
rPois    .         Spirit   .   (no helmet)
rElec    .         Reflect  .   (no cloak)
rCorr    .         Harm     .   (no gloves)
MR       .....                  (no boots)
Stlth    +.........             (no amulet)
Regen    0.0/turn               j - +3 ring of intelligence
MPRegen  0.2/turn               (no ring)

@: non-regenerating
A: damage resistance, heal wounds, sense surroundings 1, no regeneration
a: Heal Wounds


You were in the Ecumenical Temple.
You were not hungry.

You visited 2 branches of the dungeon, and saw 6 of its levels.

You collected 98 gold pieces.

Inventory:

Hand Weapons
 a - a +0 dagger (weapon)
 e - a cursed -3 trident
Armour
 f - a +0 ring mail (worn)
 g - a +0 leather armour
Jewellery
 j - a +3 ring of intelligence (left hand)
Wands
 i - a wand of digging (15/24)
Scrolls
 h - a scroll of remove curse {unknown}
 l - a scroll of identify {unknown}
Potions
 d - a potion of might {unknown}
Books
 b - a book of Necromancy

   Spells                             Type                      Level
   a - Pain                           Necromancy                   1
   b - Animate Skeleton               Necromancy                   1
   c - Vampiric Draining              Necromancy                   3
   d - Regeneration                   Charms/Necromancy            3
   e - Animate Dead                   Necromancy                   4
   f - Control Undead                 Necromancy                   4
Comestibles
 c - 2 bread rations
 k - a meat ration
 m - 4 fruits
 n - a chunk of flesh


   Skills:
 - Level 2.1 Dodging
 - Level 2.4 Stealth
 + Level 2.2 Spellcasting
 - Level 7.0 Necromancy


You had 4 spell levels left.
You knew the following spells:

 Your Spells              Type           Power        Failure   Level  Hunger
a - Pain                  Necr           ####         1%          1    #......
v - Vampiric Draining     Necr           ####......   6%          3    ###....


Dungeon Overview and Level Annotations

Branches:
Dungeon (5/15)             Temple (1/1) D:4

Altars:
Ashenzari
Cheibriados
Elyvilon
Fedhas
Hepliaklqana
Kikubaaqudgha
Makhleb
Nemelex Xobeh
Qazlal
Ru
Sif Muna
Uskayaw
Vehumet
Xom
Yredelemnul
Zin
The Shining One

Annotations:
D:5 Grinder


Innate Abilities, Weirdness & Mutations

You are resistant to damage.
You can heal yourself by infusing magical energy.
You passively map a small area around you.
You do not regenerate.


Message History

Found a glowing golden altar of the Shining One.
Found a hazy altar of Hepliaklqana.
Found a shimmering altar of Xom.
Found a glowing silver altar of Zin.
Found a basalt altar of Yredelemnul.
Found an ancient bone altar of Kikubaaqudgha.
Found a burning altar of Makhleb.
Found a snail-covered altar of Cheibriados.
Some of the chunks of flesh in your inventory have rotted away.
Done exploring.
There is an ancient bone altar of Kikubaaqudgha here.
There is a staircase back to the Dungeon here.
Put on which piece of jewellery? (? for menu, Esc to quit)
Okay, then.
Okay, then.
Wear which item? (? for menu, Esc to quit)
Okay, then.
Wield which item (- for none, * to show all)? (? for menu, Esc to quit)
Okay, then.
Are you sure you want to abandon this character and quit the game? (Confirm with "yes".)

######### #####........
####..........8.
###...............
###.............##.#
##...............#...
##...@.............._.
##...........##.##.#...
##............#...#.##.#
##..............._.......
#........##.##.#...#.##.#
##........#...#.##.##.#...
#..........._..........._.
#...##.##.#...#.##.##.#...
#...#...#.##.##.#...#.##.#


There were no monsters in sight!

Vanquished Creatures
  A centaur zombie (D:5)
  A bullfrog skeleton (D:4)
  2 orc wizards
  A worker ant (D:5)
  An adder skeleton (D:5)
  3 leopard geckos
  7 orcs
  A goblin (D:2)
  3 hobgoblins
  4 jackals (D:5)
  A quokka (D:2)
  A bat (D:3)
  A frilled lizard (D:5)
  2 kobolds
29 creatures vanquished.

Notes
Turn   | Place    | Note
-------+----------+-------------------------------------------
     0 | D:1      | letownia2 the Deep Dwarf Necromancer began the quest for the Orb.
     0 | D:1      | Reached XP level 1. HP: 15/15 MP: 3/3
   160 | D:2      | Reached XP level 2. HP: 22/22 MP: 0/5
   243 | D:3      | Reached skill level 5 in Necromancy
   243 | D:3      | Reached XP level 3. HP: 12/28 MP: 0/6
   284 | D:2      | Learned a level 3 spell: Vampiric Draining
   474 | D:4      | Found a staircase to the Ecumenical Temple.
   703 | D:4      | Noticed an ogre
   787 | D:4      | Reached XP level 4. HP: 21/36 MP: 7/7
   853 | D:5      | Entered Level 5 of the Dungeon
   931 | D:5      | Reached skill level 6 in Necromancy
   955 | D:5      | Found a shattered altar of Ashenzari.
   959 | D:5      | Noticed Grinder
  1059 | D:5      | Found a blossoming altar of Fedhas.
  1496 | D:5      | Reached XP level 5. HP: 16/42 MP: 4/8
  1552 | D:5      | Reached skill level 7 in Necromancy
  1751 | Temple   | Entered the Ecumenical Temple
  1923 | Temple   | Quit the game

Skill      XL: |  1  2  3  4  5 |
---------------+----------------+-----
Spellcasting   | 2 |  2.2
Necromancy     | 5 6 7 |  7.0
Dodging        | |  2.1
Stealth        | |  2.4

Action                   |  1- 3 |  4- 6 || total
-------------------------+-------+-------++-------
Melee: Unarmed           |     2 |       ||     2
       Dagger            |    20 |    33 ||    53
 Cast: Pain              |    19 |     4 ||    23
       Vampiric Draining |     5 |    17 ||    22
  Use: Potion            |     1 |       ||     1
       Scroll            |       |     2 ||     2
  Eat: Chunk             |       |     6 ||     6
Armor: Robe              |     1 |       ||     1
       Leather armour    |     9 |    11 ||    20
       Ring mail         |       |     7 ||     7
Dodge: Dodged            |    44 |    47 ||    91
